 Dungeon Sprint DCSS version 0.28.0-53-g5a82cb258f (webtiles) character file.

Game seed: 45264329535532520

121 Groucho the Covert (level 4, -1/21 HPs)
             Began as a Spriggan Enchanter on June 7, 2022.
             Slain by a killer bee (8 damage)
             ... in the Dungeon (Sprint IV: "Fedhas' Mad Dash").
             The game lasted 00:00:48 (66 turns).

Groucho the Covert (Spriggan Enchanter)               Turns: 66, Time: 00:00:49

Health: -1/21      AC:  2    Str:  6    XL:     4   Next: 77%
Magic:  8/13       EV: 17    Int: 16    God:
Gold:   10         SH:  0    Dex: 15    Spells: 15/15 levels left

rFire   . . .      SeeInvis +   a - +1 dagger
rCold   . . .      Faith    .   (no shield)
rNeg    . . .      Spirit   .   b - +0 robe
rPois   .          Reflect  .   (helmet restricted)
rElec   .          Harm     .   (no cloak)
rCorr   .          Rampage  .   (gloves unavailable)
Will    .....      NoTele   +   (boots unavailable)
Stlth   +++++.....              (no amulet)
HPRegen 0.07/turn               (no ring)
MPRegen 0.13/turn               (no ring)

@: hasted, invisible, very quick
A: very small, no large weapons, unfitting armour, see invisible, speed 3
a: no special abilities


You were in the Dungeon.
You visited 1 branch You collected 10 gold pieces.

Inventory:

Hand Weapons
 a - a +1 dagger (weapon)
Armour
 b - a +0 robe (worn)
Scrolls
 i - a scroll of blinking
Potions
 d - a potion of curing
 g - 2 potions of magic
 h - a potion of berserk rage


   Skills:
 - Level 1.1 Short Blades
 - Level 2.6 Dodging
 * Level 11.3 Stealth
 + Level 6.2 Spellcasting
 + Level 6.7 Hexes


You had 15 spell levels left.
You didn't know any spells.
Your spell library contained the following spells:

 Spells                   Type           Power      Damage    Failure   Level
 Confusing Touch          Hex            26%        N/A       2%          3
 Tukima's Dance           Hex            26%        N/A       2%          3
 Ensorcelled Hibernation  Hex/Ice        30%        N/A       4%          2
 Dazzling Flash           Conj/Hex       30%        N/A       10%         3


Dungeon Overview and Level Annotations

Branches:
Dungeon (1/1)

Altars:


Innate Abilities, Weirdness & Mutations

You are very small and have problems with some larger weapons.
You are too small for most types of armour.
You have supernaturally acute eyesight. (SInv)
You cover ground extremely quickly. (Speed+++)


Message History

A queen bee and a killer bee come into view.
A killer bee comes into view.
The killer bee buzzes angrily.
The queen bee buzzes angrily.
You hear an angry buzzing noise.
A killer bee comes into view.
The killer bee buzzes angrily.
A killer bee comes into view.
The killer bee buzzes angrily.
You hit the queen bee but do no damage.
The killer bee buzzes angrily.
You catch the helpless queen bee completely off-guard!
You impale the queen bee!!
The queen bee is heavily wounded.
The queen bee barely misses you.
You hit the queen bee but do no damage.
The queen bee is heavily wounded.
The killer bee closely misses you. The killer bee completely misses you.
The queen bee completely misses you. The killer bee closely misses you.
You hit the queen bee but do no damage.
The queen bee is heavily wounded.
The killer bee barely misses you. The killer bee completely misses you.
You hit the queen bee.
The queen bee is heavily wounded.
The killer bee closely misses you. The killer bee stings you!
The killer bee misses you. The queen bee closely misses you.
The queen bee buzzes angrily.
The killer bee barely misses you.
You hit the killer bee but do no damage.
The killer bee misses you. The killer bee closely misses you.
Unknown command.
You closely miss the killer bee. The killer bee misses you.
Unknown command.
You hit the killer bee but do no damage.
The killer bee stings you but does no damage.
The killer bee completely misses you.
Unknown command.
You hit the killer bee but do no damage.
The killer bee stings you!
You die...

##################
#<..P#.....#.$$$$#
#PP..'††...'.#!!.+
#PPPP#.....#.#"..#
###############'##
#...♣y@......'...#
#..yyy.♣.....#$.$#
#.y...♣..♣..######
##+####+#####


You could see a queen bee and 4 killer bees.

Vanquished Creatures
  A scorpion (D)
  2 oklob saplings (D)
  A river rat (D)
  A rat (D)
5 creatures vanquished.

Notes
Turn   | Place    | Note
-------+----------+-------------------------------------------
     0 | D        | Groucho the Spriggan Enchanter began the quest for the Orb.
     0 | D        | Reached XP level 1. HP: 9/9 MP: 5/5
    25 | D        | Reached skill level 6 in Stealth
    25 | D        | Reached XP level 2. HP: 9/13 MP: 5/7
    32 | D        | Noticed an oklob sapling
    34 | D        | Killed an oklob sapling
    35 | D        | Reached skill level 8 in Stealth
    35 | D        | Reached skill level 5 in Hexes
    35 | D        | Reached XP level 3. HP: 11/16 MP: 6/10
    36 | D        | Noticed a scorpion
    36 | D        | Found the amulet of invisibility {+Inv}
    38 | D        | Killed a scorpion
    39 | D        | Reached skill level 10 in Stealth
    39 | D        | Reached skill level 5 in Spellcasting
    39 | D        | Reached XP level 4. HP: 15/21 MP: 6/12
    44 | D        | Reached skill level 11 in Stealth
    50 | D        | Noticed a queen bee
    66 | D        | Slain by a killer bee

Illustrated notes

Levels and vault maps discovered:
D:        dungeon_sprint_fedhas [sprint_temple]

Skill      XL: |  1  2  3  4 |
---------------+-------------+-----
Stealth        | 6 8 10 11 | 11.3
Spellcasting   | 3 4 5 6 |  6.2
Hexes          | 4 5 6 |  6.7
Short Blades   | |  1.1
Dodging        | |  2.6

Action                   |  1- 3 |  4- 6 || total
-------------------------+-------+-------++-------
Melee: Dagger            |    17 |    10 ||    27
  Use: Potion            |     3 |       ||     3
 Stab: Invisible         |     1 |     1 ||     2
       Sleeping          |     2 |     1 ||     3
Armor: Robe              |       |     1 ||     1
Dodge: Dodged            |    13 |    15 ||    28
